 Dungeon Crawl Stone Soup version 0.29-a0-275-g389c0b56f3 (webtiles) character file.

Game seed: 3511217263576928393

71 Crownlay the Digger (level 4, -3/24 HPs)
             Began as a Gargoyle Earth Elementalist on Mar 12, 2022.
             Slain by Grinder (7 damage)
             ... while paralysed by Grinder
             ... on level 3 of the Dungeon.
             The game lasted 00:02:40 (1756 turns).

Crownlay the Digger (Gargoyle Earth Elementalist)   Turns: 1756, Time: 00:02:40

Health: -3/24      AC:  6    Str: 11    XL:     4   Next: 24%
Magic:  0/9        EV:  2    Int: 18    God:
Gold:   74         SH:  0    Dex: 10    Spells: 4/10 levels left

rFire   . . .      SeeInvis .   f - +0 hunting sling
rCold   . . .      Faith    .   (no shield)
rNeg    + . .      Spirit   +   b - +1 robe
rPois   ∞          Reflect  .   (no helmet)
rElec   +          Harm     .   (no cloak)
rCorr   .          Rampage  .   (no gloves)
Will    .....                   (no boots)
Stlth   ++........              k - amulet of guardian spirit
HPRegen 0.08/turn               (no ring)
MPRegen 0.11/turn               (no ring)

@: paralysed
A: sickness immunity, AC +3, negative energy resistance 1, electricity
resistance, torment resistance 1, petrification resistance
a: no special abilities


You were on level 3 of the Dungeon.
You visited 1 branch of the dungeon, and saw 3 of its levels.

You collected 74 gold pieces.

Inventory:

Hand Weapons
 e - a +0 war axe
 f - a +0 hunting sling (weapon)
Missiles
 a - 70 stones
Armour
 b - a +1 robe (worn)
Jewellery
 j - a ring of fire
 k - an amulet of guardian spirit (around neck)
Scrolls
 d - a scroll of holy word {unknown}
 h - 2 scrolls of enchant armour
 n - a scroll of teleportation {unknown}
 o - a scroll of enchant weapon {unknown}
Potions
 c - a potion of magic
 g - a potion of curing {unknown}
 i - a potion of ambrosia {unknown}
 l - a potion of might {unknown}
 m - a potion of haste {unknown}


   Skills:
 - Level 1.5 Dodging
 - Level 2.1 Stealth
 * Level 3.5 Spellcasting
 - Level 0.7 Transmutations
 + Level 4.5 Earth Magic


You had 4 spell levels left.
You knew the following spells:

 Your Spells              Type           Power      Damage    Failure   Level
a - Sandblast             Erth           38%        2d10      2%          1
b - Passwall              Tmut/Erth      10%        N/A       8%          2
c - Stone Arrow           Conj/Erth      22%        3d8       19%         3

Your spell library contained the following spells:

 Spells                   Type           Power      Damage    Failure   Level
 Petrify                  Tmut/Erth      12%        N/A       45%         4


Dungeon Overview and Level Annotations

Branches:
Dungeon (3/15)

Altars:

Annotations:
D:3 Grinder


Innate Abilities, Weirdness & Mutations

You are immune to sickness and miasma.
Your stone body is resilient. (AC +3)
You are immune to poison.
You resist negative energy. (rN+)
You are resistant to electric shocks. (rElec)
You are resistant to unholy torment.
You are immune to petrification.


Message History

No target in view!
You can't see any susceptible monsters within range! (Use Z to cast anyway.) Grinder is nearby!
You can't see any susceptible monsters within range! (Use Z to cast anyway.)
You shoot a sling bullet. The sling bullet hits Grinder.
Grinder is lightly wounded.
Grinder gestures at you.
You suddenly lose the ability to move!
Grinder says, "At least Makhleb appreciates what I'm doing."
Grinder hits you!
You can move again.
Casting: Sandblast (safe; 2% risk of failure)
Confirm with . or Enter, or press ? or * to list all spells.
Aiming: Sandblast (safe; 2% risk of failure)
Press: ? - help, Shift-Dir - straight line, f/p - Grinder
Aim: Grinder (lightly wounded, 77% to hit)
The blast of sand hits Grinder!
Grinder is moderately wounded.
Grinder barely misses you.
Casting: Sandblast (safe; 2% risk of failure)
Confirm with . or Enter, or press ? or * to list all spells.
Aiming: Sandblast (safe; 2% risk of failure)
Press: ? - help, Shift-Dir - straight line, f/p - Grinder
Aim: Grinder (moderately wounded, 77% to hit)
The blast of sand hits Grinder but does no damage.
Grinder is moderately wounded.
Grinder gestures at you. Pain shoots through your body!
* * * LOW HITPOINT WARNING * * *
Casting: Sandblast (safe; 2% risk of failure)
Confirm with . or Enter, or press ? or * to list all spells.
Aiming: Sandblast (safe; 2% risk of failure)
Press: ? - help, Shift-Dir - straight line, f/p - Grinder
Aim: Grinder (moderately wounded, 77% to hit)
The blast of sand hits Grinder.
Grinder is heavily wounded.
Grinder gestures at you.
You suddenly lose the ability to move!
Grinder hits you!
You die...

## # .#
#.##### .####.
#.....##......
#.<....#
####...# ##@5#
#...# ##.....
.).....
##..... .#...
..... ....


You could see Grinder.

Vanquished Creatures
  2 adders
  A worm (D:2)
  2 ball pythons (D:1)
  7 bats
  6 endoplasms
  6 giant cockroaches
  4 goblins
  5 hobgoblins
  2 quokkas (D:1)
  2 frilled lizards
  3 kobolds
  3 rats
43 creatures vanquished.

Notes
Turn   | Place    | Note
-------+----------+-------------------------------------------
     0 | D:1      | Crownlay the Gargoyle Earth Elementalist began the quest
                  | for the Orb.
     0 | D:1      | Reached XP level 1. HP: 10/10 MP: 3/3
   102 | D:1      | Reached XP level 2. HP: 15/15 MP: 5/5
   254 | D:1      | Reached skill level 4 in Earth Magic
   357 | D:1      | Reached XP level 3. HP: 19/19 MP: 7/7
   360 | D:1      | Learned a level 2 spell: Passwall
   364 | D:1      | Learned a level 3 spell: Stone Arrow
  1582 | D:2      | Reached XP level 4. HP: 24/24 MP: 9/9
  1721 | D:3      | Noticed Grinder
  1739 | D:3      | Paralysed by Grinder for 5 turns
  1749 | D:3      | Paralysed by Grinder for 4 turns
  1755 | D:3      | Paralysed by Grinder for 3 turns
  1756 | D:3      | Slain by Grinder

Illustrated notes

Levels and vault maps discovered:
D:1:      roderic_crossed_star, layout_rooms
D:2:      layout_basic, serial_bayou_ford_a
D:3:      layout_rooms, serial_shops, shop_statue, serial_bayou_pond_b,
          uniq_grinder

Skill      XL: |  1  2  3 |
---------------+----------+-----
Earth Magic    | 4 |  4.5
Spellcasting   | 3 |  3.5
Dodging        | |  1.5
Stealth        | |  2.1
Transmutations | |  0.7

Action                   |  1- 3 |  4- 6 || total
-------------------------+-------+-------++-------
Melee: Club              |    31 |       ||    31
       War axe           |     4 |       ||     4
       Punch             |     1 |       ||     1
 Fire: Hunting sling     |   128 |    20 ||   148
 Cast: Sandblast         |     3 |     3 ||     6
  Use: Scroll            |       |     1 ||     1
 Stab: Sleeping          |     2 |       ||     2
Armor: Robe              |    60 |     6 ||    66
Dodge: Dodged            |    74 |     8 ||    82

Table legend: (Time is in decaauts)
 A = Elapsed time spent in this place.
 B = Non-inter-level travel time spent in this place.
 C = Inter-level travel time spent in this place.
 D = Time resting spent in this place.
 E = Time spent auto-exploring this place.
 F = Levels seen in this place.
 G = Mean time per level.
                   A        B        C        D        E       F      G
               +--------+--------+--------+--------+--------+-----+--------+
         Total |   1841 |   1795 |     46 |      0 |   1370 |   3 |  613.7 |
       Dungeon |   1841 |   1795 |     46 |      0 |   1370 |   3 |  613.7 |
               +--------+--------+--------+--------+--------+-----+--------+

Top non-repeatable levels by time:
     D:2: 1207 daAuts
     D:1: 584 daAuts
     D:3: 49 daAuts
